 Dungeon Crawl Stone Soup version 0.31.0-9-g3a7656b989 (webtiles) character file.

Game seed: 10682610414081872607

1115 Gottschkopf the Gusty (level 8, -6/41 HPs)
             Began as a Deep Elf Conjurer on Jan 31, 2024.
             Shot with an arrow by a centaur (14 damage)
             ... on level 5 of the Dungeon.
             The game lasted 00:15:06 (3797 turns).

Gottschkopf the Gusty (Deep Elf Conjurer)           Turns: 3797, Time: 00:15:07

Health: -6/41      AC:  7    Str:  4    XL:     8   Next: 12%
Magic:  4/15       EV: 12    Int: 26    God:
Gold:   178        SH:  0    Dex: 13    Spells: 0/14 levels left

rFire   . . .        p - +1 rapier (venom)
rCold   . . .        (no shield)
rNeg    . . .        a - +0 robe
rPois   .            m - +1 helmet
rElec   .            l - +2 cloak
rCorr   .            (no gloves)
SInv    .            (no boots)
Will    .....        g - amulet of magic regeneration
Stlth   ++           (no ring)
HPRegen 0.26/turn    (no ring)
MPRegen 0.54/turn

%: no passive effects
@: very slightly contaminated
A: no striking features
a: no special abilities


You were on level 5 of the Dungeon.
You visited 1 branch of the dungeon, and saw 5 of its levels.

You collected 178 gold pieces.

Inventory:

Hand Weapons
 p - a +1 rapier of venom (weapon)
Armour
 a - a +0 robe (worn)
 l - a +2 cloak (worn)
 m - a +1 helmet (worn)
Jewellery
 g - an amulet of magic regeneration (around neck)
Wands
 n - a wand of mindburst (7)
 q - a wand of charming (10)
Scrolls
 e - 2 scrolls of teleportation {unknown}
 f - 2 scrolls of enchant armour {unknown}
 i - 2 scrolls of identify {unknown}
 o - a scroll of silence {unknown}
Potions
 b - a potion of magic
 c - 4 potions of curing
 d - a potion of brilliance {unknown}
 h - a potion of lignification {unknown}
 j - a potion of heal wounds {unknown}
 k - a potion of might {unknown}


   Skills:
 - Level 2.4 Dodging
 - Level 2.4 Stealth
 - Level 3.5 Spellcasting
 - Level 6.2 Conjurations
 + Level 4.5 Summonings
 * Level 0.0 Ice Magic
 * Level 7.2 Air Magic


You couldn't memorise any spells.
You knew the following spells:

 Your Spells              Type           Power      Damage    Failure   Level
a - Magic Dart            Conj           100%       1d8       1%          1
b - Searing Ray           Conj           72%        2d7       1%          2
c - Airstrike             Air            21%        2d(3-19)  4%          4
d - Summon Lightning Spi  Summ/Air       35%        N/A       8%          4
e - Ozocubu's Armour      Ice            5%         N/A       26%         3

Your spell library contained the following spells:

 Spells                   Type           Power      Damage    Failure   Level
 Static Discharge         Conj/Air       78%        3-7/arc   1%          2
 Fulminant Prism          Conj/Alch      10%        3d8       24%         4
 Iskenderun's Mystic Bla  Conj/Tloc      20%        2d6       24%         4
 Metabolic Englaciation   Hex/Ice        2%         N/A       94%         5
 Sculpt Simulacrum        Ice/Alch       2%         N/A       100%        6


Dungeon Overview and Level Annotations

Branches:
Dungeon (5/15)
 Temple: D:4-7

Altars:
Hepliaklqana

Shops:
D:4 *


Message History

Deactivating autopickup; reactivate with Ctrl-A.
The centaur shoots an arrow.
The arrow hits your lightning spire!
The centaur shoots an arrow.
The arrow hits your lightning spire.
Casting: Summon Lightning Spire (quite dangerous; 8% risk of failure)
Confirm with . or Enter, or press ? or * to list all spells.
Okay, then.
The centaur shoots an arrow.
The arrow hits you!
* * * LOW HITPOINT WARNING * * *
Your lightning spire shoots out a bolt of lightning at the centaur!
The bolt of electricity hits the centaur!
The bolt of electricity hits something!
You are too injured to fight recklessly!
Casting: Magic Dart (safe; 1% risk of failure)
Confirm with . or Enter, or press ? or * to list all spells.
Aiming: Magic Dart (safe; 1% risk of failure)
Press: ? - help, Shift-Dir - straight line, f/p - centaur
Aim: a centaur, wielding a +0 orcbow (heavily wounded, not watching you, ally target, 100% to hit)
The magic dart hits the centaur but does no damage.
The centaur is heavily wounded.
The centaur shoots an arrow.
The arrow hits you!
* * * LOW HITPOINT WARNING * * *
Your lightning spire shoots out a bolt of lightning at the centaur!
The bolt of electricity misses the centaur.
You feel better.
The centaur shoots an arrow.
The arrow hits you but does no damage.
Your lightning spire shoots out a bolt of lightning at the centaur!
The bolt of electricity hits the centaur!
Casting: Magic Dart (safe; 1% risk of failure)
Confirm with . or Enter, or press ? or * to list all spells.
Aiming: Airstrike (dangerous; 4% risk of failure)
Press: ? - help, Dir - move target, f/p - centaur
Aim: a centaur, wielding a +0 orcbow (almost dead, not watching you, ally target, empty space bonus: 5/8)
The air twists around and strikes the centaur.
The centaur is almost dead.
The centaur shoots an arrow.
The arrow hits you.
* * * LOW HITPOINT WARNING * * *
A magic dart appears from out of thin air!
The magic dart hits your lightning spire.
The centaur shoots an arrow.
The arrow hits you!
You die...

.###########################
...........>.......^........
........##..................
....)).))8...........####...
........#c.........#~#≈≈≈##.
........#..@.......#≈≈≈≈≈ #.
........#.........##≈≈#≈#≈##
........#.#'#####.#≈≈≈≈≈≈≈≈~
........#.#.# #.~≈#≈≈≈≈≈≈#
........#.#.# #.~#≈≈≈≈#≈##
.########.#.# #..# ≈#≈≈≈≈.
#.#.# #..~ #≈≈###. #.#.#
#....#~##... #.#.#
#...........


You could see a centaur and a friendly lightning spire (summoned).

Vanquished Creatures
  Sigmund (D:2)
  A nameless horror (D:4)
  4 scorpions
  Dowan (D:5)
  Jessica (D:2)
  An iguana (D:5)
  A sleepcap (D:4)
  2 orc wizards
  4 gnolls (D:3)
  5 adders
  5 dart slugs
  3 ribbon worms
  8 orcs
  6 ball pythons
  4 endoplasms
  A giant cockroach (D:1)
  5 goblins
  6 hobgoblins
  3 quokkas
  8 bats
  4 frilled lizards
  5 kobolds
  4 rats
83 creatures vanquished.

Vanquished Creatures (collateral kills)
  Duvessa (D:5)
  A black bear (D:5)
  A howler monkey (D:5)
  A hound (D:5)
  An orc priest (D:5)
  An orc wizard (D:5)
  2 adders
  A white imp (D:5)
  9 orcs
  An endoplasm (D:4)
  A hobgoblin (D:4)
  A ball python (D:4)
21 creatures vanquished.

Grand Total: 104 creatures vanquished

Notes
Turn   | Place    | Note
-------+----------+-------------------------------------------
     0 | D:1      | Gottschkopf the Deep Elf Conjurer began the quest for the
                  | Orb.
     0 | D:1      | Reached XP level 1. HP: 10/10 MP: 6/6
   193 | D:1      | Reached XP level 2. HP: 15/15 MP: 5/8
   384 | D:1      | Reached skill level 5 in Conjurations
   387 | D:1      | Learned a level 2 spell: Searing Ray
   991 | D:2      | Reached XP level 3. HP: 19/19 MP: 3/9
  1136 | D:2      | Noticed Jessica
  1141 | D:2      | Killed Jessica
  1142 | D:2      | Reached skill level 1 in Air Magic
  1429 | D:2      | Reached XP level 4. HP: 24/24 MP: 7/11
  1440 | D:2      | Learned a level 4 spell: Airstrike
  1661 | D:2      | Noticed Sigmund
  1669 | D:2      | Reached skill level 2 in Air Magic
  1669 | D:2      | Killed Sigmund
  1670 | D:2      | Reached skill level 3 in Air Magic
  1670 | D:2      | Reached XP level 5. HP: 20/28 MP: 2/12
  1772 | D:2      | Learned a level 4 spell: Summon Lightning Spire
  1999 | D:3      | Reached skill level 4 in Air Magic
  1999 | D:3      | Reached XP level 6. HP: 28/32 MP: 6/13
  2146 | D:3      | Reached skill level 1 in Summonings
  2912 | D:4      | Found Pailun's Assorted Antiques.
  2918 | D:4      | Noticed a nameless horror
  3014 | D:4      | Reached skill level 5 in Air Magic
  3158 | D:4      | Reached XP level 7. HP: 28/36 MP: 10/14
  3250 | D:4      | Killed a nameless horror
  3359 | D:5      | Entered Level 5 of the Dungeon
  3456 | D:5      | Found a hazy altar of Hepliaklqana.
  3471 | D:5      | Reached skill level 6 in Air Magic
  3502 | D:5      | Noticed Duvessa
  3508 | D:5      | Noticed Dowan
  3515 | D:5      | Killed Duvessa
  3518 | D:5      | Killed Dowan
  3519 | D:5      | Reached skill level 7 in Air Magic
  3519 | D:5      | Reached XP level 8. HP: 20/41 MP: 1/15
  3730 | D:5      | Learned a level 3 spell: Ozocubu's Armour
  3795 | D:5      | HP: 2/41 [centaur/arrow (9)]
  3797 | D:5      | Shot with an arrow by a centaur

Illustrated notes

Levels and vault maps discovered:
D:1:      scummos_arrival_forest, layout_basic
D:2:      layout_basic, dreamdust_mushroom_princess, uniq_jessica, uniq_sigmund
D:3:      layout_loops_cross, hangedman_decor_opposing
D:4:      layout_basic, serial_shops, shop
D:5:      layout_basic, mainiacjoe_overflow_chevrons, minivault_4,
          nicolae_tricolors, uniq_duvessa

Skill      XL: |  1  2  3  4  5  6  7 |
---------------+----------------------+-----
Conjurations   | 5 6 |  6.2
Air Magic      | 1 3 4 5 7 |  7.2
Summonings     | 2 4 |  4.5
Dodging        | |  2.4
Stealth        | |  2.4
Spellcasting   | |  3.5

Action                     |  1- 3 |  4- 6 |  7- 9 || total
---------------------------+-------+-------+-------++-------
  Melee: Whip              |       |       |     2 ||     2
   Cast: Magic Dart        |    48 |    79 |    50 ||   177
         Searing Ray       |     1 |     8 |     3 ||    12
         Summon Lightning  |       |     2 |     7 ||     9
         Airstrike         |       |       |     3 ||     3
    Use: Potion            |       |       |     2 ||     2
 Armour: Robe              |     1 |    20 |    23 ||    44
  Dodge: Dodged            |       |    16 |    26 ||    42
